 Dungeon Crawl Stone Soup version 0.28-a0-850-g09de17f5b5 (webtiles) character file.

Game seed: 8126162193465939838

447 Crownlay the Covert (level 7, -2/45 HPs)
             Began as an Octopode Brigand on Nov 13, 2021.
             Slain by a sky beast (6 damage)
             ... on level 5 of the Dungeon.
             The game lasted 00:05:24 (3517 turns).

Crownlay the Covert (Octopode Brigand)              Turns: 3517, Time: 00:05:25

Health: -2/45      AC:  1    Str: 11    XL:     7   Next: 3%
Magic:  7/7        EV: 12    Int: 13    God:
Gold:   233        SH:  5    Dex: 15    Spells: 6/6 levels left

rFire   + . .      SeeInvis .   m - +2 dagger (elec)
rCold   x . .      Faith    .   f - +0 buckler
rNeg    . . .      Spirit   .   (helmet restricted)
rPois   .          Reflect  .   (no amulet)
rElec   .          Harm     .   i - ring of fire
rCorr   .          Rampage  .   (no ring)
Will    .....                   (no ring)
Stlth   +++++.....              (no ring)
HPRegen 0.15/turn               (no ring)
MPRegen 0.10/turn               (no ring)
                                (no ring)
                                (no ring)

@: no status effects
A: almost no armour, amphibious, 8 rings, camouflage 1, gelatinous body 1,
(nimble swimmer 1), tentacles
a: no special abilities


You were on level 5 of the Dungeon.
You visited 1 branch of the dungeon, and saw 5 of its levels.

You collected 233 gold pieces.

Inventory:

Hand Weapons
 m - a +2 dagger of electrocution (weapon)
Missiles
 b - 23 poisoned darts (quivered)
 c - 2 curare-tipped darts
Armour
 f - a +0 buckler (worn)
Jewellery
 i - a ring of fire (left tentacle)
 p - a +6 ring of dexterity
Scrolls
 a - a scroll of magic mapping {unknown}
 d - a scroll of teleportation {unknown}
 e - 2 scrolls of fear {unknown}
 n - a scroll of identify {unknown}
 o - a scroll of enchant armour {unknown}
 q - a scroll of amnesia {unknown}
Potions
 g - 3 potions of heal wounds {unknown}
 h - a potion of flight {unknown}
 j - a potion of mutation {unknown}
 k - a potion of haste {unknown}
 l - a potion of resistance {unknown}


   Skills:
 - Level 2.0 Fighting
 - Level 2.5 Short Blades
 - Level 2.0 Throwing
 - Level 1.0 Dodging
 + Level 9.4 Stealth
 - Level 4.0 Shields


You had 6 spell levels left.
You didn't know any spells.
Your spell library contained the following spells:

 Spells                   Type           Power      Damage    Failure   Level
 Magic Dart               Conj           0%         1d3       30%         1
 Call Imp                 Summ           0%         N/A       43%         2
 Corpse Rot               Necr/Air       0%         N/A       43%         2
 Poisonous Vapours        Pois/Air       0%         N/A       43%         2
 Sublimation of Blood     Necr           0%         N/A       43%         2
 Mephitic Cloud           Conj/Pois/Air  0%         N/A       67%         3
 Petrify                  Tmut/Erth      0%         N/A       97%         4
 Irradiate                Conj/Tmut      0%         3d13      100%        5


Dungeon Overview and Level Annotations

Branches:
Dungeon (5/15)
 Temple: D:4-7

Altars:
Ashenzari
Elyvilon
Hepliaklqana
Qazlal
Trog
Xom

Annotations:
D:3 2 transporters, tstbtto's ghost, amateur GrBe


Innate Abilities, Weirdness & Mutations

You cannot wear most types of armour.
You are amphibious.
You can wear up to eight rings at the same time.
Your skin changes colour to match your surroundings (Stealth+).
Your rubbery body absorbs attacks. (AC +1, EV +1)
((You are camouflaged near water. (Stealth+)))
You have tentacles for arms and can constrict up to eight enemies at once.


Message History

You constrict the scorpion, but do no damage.
The sky beast flickers out of sight!
Deactivating autopickup; reactivate with Ctrl-A.
The scorpion stings you.
You hit the scorpion but do no damage.
The scorpion is moderately wounded.
You constrict the scorpion, but do no damage.
The scorpion stings you but does no damage.
You completely miss the scorpion. You squeeze the scorpion.
The scorpion is heavily wounded.
You constrict the scorpion. You block the scorpion's attack.
Okay, then.
Okay, then.
You hit the scorpion but do no damage.
The scorpion is severely wounded.
You constrict the scorpion, but do no damage.
The scorpion barely misses you.
You hit the scorpion but do no damage.
The scorpion is severely wounded.
You constrict the scorpion. The scorpion misses you.
You hit the scorpion.
The scorpion is almost dead.
You constrict the scorpion.
You kill the scorpion!
A sky beast appears from thin air!
Reactivating autopickup.
Your Stealth skill increases to level 9!
You have reached level 7!
You hit the sky beast. Your squeeze misses the sky beast.
The sky beast is heavily wounded.
The sky beast flickers out of sight!
Deactivating autopickup; reactivate with Ctrl-A.
Something hits you.
* * * LOW HITPOINT WARNING * * *
Something shocks you.
* * * LOW HITPOINT WARNING * * *
You miss something. Something hits you.
* * * LOW HITPOINT WARNING * * *
Something shocks you.
You die...

#.###..(..#
..#
#.#......##.#
#..<....#.#
##.......#
#.......#
##......##
#.......#
##..#....#
#@####....#
#{# #.... #.≈#
##... #..§.
##. #......
#........
#..........
#............
#.............


There were no monsters in sight!

Vanquished Creatures
  Sigmund (D:2)
  2 scorpions (D:5)
  A centaur skeleton (D:5)
  A hound (D:3)
  An iguana (D:4)
  Jessica (D:3)
  An adder (D:2)
  2 dart slugs
  6 endoplasms
  3 giant cockroaches
  5 goblins
  6 hobgoblins
  3 quokkas
  6 ball pythons (D:1)
  A bat (D:1)
  3 frilled lizards
  6 kobolds
  3 rats
52 creatures vanquished.

Notes
Turn   | Place    | Note
-------+----------+-------------------------------------------
     0 | D:1      | Crownlay the Octopode Brigand began the quest for the Orb.
     0 | D:1      | Reached XP level 1. HP: 14/14 MP: 1/1
   188 | D:1      | Reached XP level 2. HP: 19/19 MP: 2/2
   886 | D:1      | Reached skill level 1 in Shields
  1069 | D:1      | Reached XP level 3. HP: 24/24 MP: 3/3
  1697 | D:2      | Reached skill level 6 in Stealth
  1854 | D:2      | Noticed Sigmund
  1860 | D:2      | Killed Sigmund
  1861 | D:2      | Reached skill level 7 in Stealth
  1861 | D:2      | Reached XP level 4. HP: 26/29 MP: 4/4
  1861 | D:2      | Reached XP level 5. HP: 30/34 MP: 5/5
  1986 | D:2      | Found a faded altar of an unknown god.
  2262 | D:3      | Noticed Jessica
  2268 | D:3      | Killed Jessica
  2269 | D:3      | Reached XP level 6. HP: 39/39 MP: 6/6
  2388 | D:3      | Found a bloodstained altar of Trog.
  2389 | D:3      | Found a broken altar of Ashenzari.
  2391 | D:3      | Found a shimmering altar of Xom.
  2392 | D:3      | Found a stormy altar of Qazlal.
  2394 | D:3      | Found a white marble altar of Elyvilon.
  2395 | D:3      | Found a hazy altar of Hepliaklqana.
  2478 | D:3      | Found a transporter.
  2478 | D:3      | Noticed tstbtto's ghost (amateur GrBe)
  2553 | D:3      | Found a transporter.
  3117 | D:4      | Reached skill level 8 in Stealth
  3480 | D:5      | Entered Level 5 of the Dungeon
  3498 | D:5      | Noticed a sky beast
  3516 | D:5      | Reached skill level 9 in Stealth
  3516 | D:5      | Reached XP level 7. HP: 17/45 MP: 7/7
  3517 | D:5      | Slain by a sky beast

Illustrated notes

Levels and vault maps discovered:
D:1:      minmay_arrival_plants_in_alcoves, layout_basic
D:2:      layout_loops_ring, dreamdust_ecumenical_altar_hidden_monk_grotto,
          uniq_sigmund
D:3:      layout_loops_ring, grunt_temple_overflow_open, gammafunk_ghost_arena,
          chequers_serial_rivers_large_a, uniq_jessica
D:4:      layout_basic
D:5:      layout_cave_pods, serial_shops, shop_fountains, minmay_between

Skill      XL: |  1  2  3  4  5  6 |
---------------+-------------------+-----
Shields        | 1 3 4 |  4.0
Stealth        | 7 9 |  9.4
Fighting       | |  2.0
Short Blades   | |  2.5
Throwing       | |  2.0
Dodging        | |  1.0

Action                   |  1- 3 |  4- 6 |  7- 9 || total
-------------------------+-------+-------+-------++-------
Melee: Dagger            |    55 |    38 |     2 ||    95
       Constrict         |    12 |     6 |       ||    18
       Tentacles         |     4 |     7 |       ||    11
Throw: Dart              |       |     1 |       ||     1
 Stab: Sleeping          |    20 |     8 |       ||    28
Armor: Skin              |     2 |     3 |       ||     5
Dodge: Dodged            |    20 |    12 |       ||    32
Block: Buckler           |       |     7 |       ||     7

Table legend: (Time is in decaauts)
 A = Elapsed time spent in this place.
 B = Non-inter-level travel time spent in this place.
 C = Inter-level travel time spent in this place.
 D = Time resting spent in this place.
 E = Time spent auto-exploring this place.
 F = Levels seen in this place.
 G = Mean time per level.
                   A        B        C        D        E       F      G
               +--------+--------+--------+--------+--------+-----+--------+
         Total |   3503 |   3277 |    226 |      0 |   2862 |   5 |  700.6 |
       Dungeon |   3503 |   3277 |    226 |      0 |   2862 |   5 |  700.6 |
               +--------+--------+--------+--------+--------+-----+--------+

Top non-repeatable levels by time:
     D:1: 1494 daAuts
     D:2: 760 daAuts
     D:4: 705 daAuts
     D:3: 509 daAuts
     D:5: 34 daAuts
